 Dungeon Crawl Stone Soup version 0.22.1-5-g62c59d919a (webtiles) character file.

3647 Gargoyl the Chopper (level 9, -4/73 HPs)
             Began as a Centaur Abyssal Knight on Jan 10, 2019.
             Was an Elder of Lugonu.
             Slain by a warg (13 damage)
             ... on level 8 of the Dungeon.
             The game lasted 00:18:38 (11726 turns).

Gargoyl the Chopper (Centaur Abyssal Knight)       Turns: 11726, Time: 00:18:39

Health: -4/73      AC: 14    Str: 14    XL:     9   Next: 88%
Magic:  13/13      EV:  8    Int: 11    God:    Lugonu [****..]
Gold:   461        SH:  0    Dex: 11    Spells: 8/8 levels left

rFire    . . .     SeeInvis .   b - +2 war axe (elec)
rCold    . . .     Gourm    .   (no shield)
rNeg     . . .     Faith    .   o - +1 scale mail
rPois    .         Spirit   .   g - +2 helmet
rElec    .         Reflect  .   f - scarf {repulsion}
rCorr    .         Harm     .   A - +1 pair of gloves
MR       .....                  (no barding)
Stlth    ..........             d - amulet of the acrobat
HPRegen  0.22/turn              (no ring)
MPRegen  0.13/turn              (no ring)

@: repel missiles, very quick
A: large, hooves 3, deformed body, speed 2, tough skin 3, weak 1, MP-powered
wands
a: Depart the Abyss, Bend Space, Banish, Corrupt, Renounce Religion


You were on level 8 of the Dungeon.
You worshipped Lugonu.
Lugonu was greatly pleased with you.
You were not hungry.

You visited 1 branch of the dungeon, and saw 9 of its levels.
You visited the Abyss 1 time.

You collected 461 gold pieces.

Inventory:

Hand Weapons
 a - a +2 hand axe
 b - a +2 war axe of electrocution (weapon)
Missiles
 q - 5 tomahawks (quivered)
 B - 3 javelins
Armour
 f - a scarf of repulsion (worn)
 g - a +2 helmet (worn)
 h - a +0 large shield
 o - a +1 scale mail (worn)
 A - a +1 pair of gloves (worn)
Jewellery
 d - an amulet of the acrobat (around neck)
 v - a cursed amulet of inaccuracy {unknown}
Wands
 i - a wand of iceblast (21)
 r - a wand of random effects (32)
 s - a wand of paralysis (5)
 y - a wand of acid (9)
Scrolls
 k - a scroll of teleportation
 l - 6 scrolls of remove curse
 n - 3 scrolls of identify
 x - a scroll of magic mapping
 C - 2 scrolls of blinking
Potions
 e - a potion of degeneration
 j - 2 potions of agility
 m - a potion of flight
 p - a potion of berserk rage {unknown}
 t - a potion of resistance
 u - 2 potions of brilliance
 w - a potion of haste
 z - a potion of heal wounds
Comestibles
 c - 12 rations


   Skills:
 + Level 4.8 Fighting
 + Level 6.5 Axes
 + Level 1.1 Throwing
 * Level 6.0 Armour
 * Level 4.1 Dodging
 + Level 2.9 Shields
 * Level 6.2 Invocations


You had 8 spell levels left.
You didn't know any spells.
Your spell library was empty.

Dungeon Overview and Level Annotations

Branches:
Dungeon (9/15)             Temple (0/1) D:6             Orc (0/2) D:9
   Lair: D:8-11

Altars:
Ashenzari
Elyvilon
Fedhas
Okawaru
Xom
Yredelemnul

Shops:
D:6 *


Innate Abilities, Weirdness & Mutations

You have hooves in place of feet.
Armour fits poorly on your strangely shaped body.
You cover ground very quickly.
You have extremely tough skin. (AC +3)
You are weak. (Str -2)
You expend magic power (3 MP) to strengthen your wands.


Message History

You closely miss the warg. Your kick misses the warg.
The warg is lightly wounded.
The warg bites you.
You hit the warg but do no damage. Your kick misses the warg.
The warg is lightly wounded.
The warg barely misses you. The warg bites you but does no damage.
You miss the warg. You kick the warg.
The warg is moderately wounded.
The warg bites you.
* * * LOW HITPOINT WARNING * * *
You closely miss the warg.
The warg is moderately wounded.
The warg bites you but does no damage. The warg bites you.
* * * LOW HITPOINT WARNING * * *
You miss the warg.
The warg is moderately wounded.
The warg bites you!
* * * LOW HITPOINT WARNING * * *
The warg bites you!
You die...

#######........##########
##.........[.....)........
##................[..######
#............[.<.###.#
#...............## #.#
#...............# #.#
#...............# #.#
#..........###.## #.#
##........@....#####>##
#.........h##....>##..##
#....[.....##.###......####
#..........##.#######......
#..............# ##..###
#...........^..# ##...#
##............># ###..
##............###### ##.
######............### #.


You could see a warg.

Vanquished Creatures
  Grinder (D:5)
  A steam dragon (D:9)
  Menkaure (D:5)
  2 ice beasts (D:6)
  2 orc warriors
  6 ogres
  2 sky beasts
  A necrophage (D:8)
  2 scorpions (D:7)
  8 killer bees (D:7)
  6 howler monkeys
  4 crimson imps
  A centaur zombie (D:7)
  A quasit (D:5)
  A bullfrog zombie (D:6)
  3 jellies
  8 orc wizards
  A hound (D:6)
  3 orc priests
  7 worker ants
  Ijyb (D:5)
  A killer bee zombie (D:8)
  7 gnolls
  12 adders
  A shadow imp (D:9)
  3 oozes
  An adder skeleton (D:4)
  2 adder zombies (D:9)
  2 worms
  7 leopard geckos
  31 orcs
  2 ball pythons (D:4)
  5 giant cockroaches
  8 goblins
  5 hobgoblins
  10 jackals
  7 quokkas
  7 bats
  4 frilled lizards
  11 kobolds
  2 rats (D:3)
190 creatures vanquished.

Vanquished Creatures (others)
  A hornet (D:9)
  A killer bee (D:7)
2 creatures vanquished.

Grand Total: 192 creatures vanquished

Notes
Turn   | Place    | Note
-------+----------+-------------------------------------------
     0 | Abyss:1  | Gargoyl the Centaur Abyssal Knight began the quest for the
                  | Orb.
     0 | Abyss:1  | Reached XP level 1. HP: 19/19 MP: 2/2
   143 | Abyss:4  | Noticed a long sword of holy wrath
   158 | Abyss:4  | Noticed a large abomination
   158 | Abyss:4  | Noticed an Executioner
   160 | D:1      | Escaped the Abyss
   415 | D:1      | Reached * piety under Lugonu
   450 | D:1      | Reached XP level 2. HP: 21/26 MP: 3/3
   727 | D:1      | Reached skill level 1 in Dodging
   941 | D:1      | Reached XP level 3. HP: 31/31 MP: 4/4
  1799 | D:2      | Reached ** piety under Lugonu
  1808 | D:2      | Reached XP level 4. HP: 33/38 MP: 5/5
  3542 | D:3      | Reached XP level 5. HP: 44/45 MP: 5/7
  4190 | D:4      | Reached XP level 6. HP: 43/51 MP: 8/8
  4272 | D:4      | Reached *** piety under Lugonu
  4869 | D:5      | Entered Level 5 of the Dungeon
  4964 | D:5      | Noticed Ijyb
  4964 | D:5      | Noticed Grinder
  4965 | D:5      | Noticed Menkaure
  4986 | D:5      | Killed Ijyb
  4988 | D:5      | Killed Menkaure
  4988 | D:5      | Reached XP level 7. HP: 7/58 MP: 9/9
  4997 | D:5      | Killed Grinder
  5483 | D:5      | Found a shimmering altar of Xom.
  5517 | D:5      | Reached skill level 1 in Shields
  6190 | D:6      | Found Etaqun's Assorted Antiques.
  6232 | D:6      | Reached XP level 8. HP: 16/66 MP: 11/11
  6590 | D:7      | Found Poumad's Distillery.
  7142 | D:6      | Found a staircase to the Ecumenical Temple.
  7190 | D:6      | Found a blossoming altar of Fedhas.
  7205 | D:6      | Reached skill level 5 in Axes
  7539 | D:6      | Reached skill level 5 in Invocations
  7834 | D:7      | Found an iron altar of Okawaru.
  7953 | D:7      | Reached skill level 1 in Throwing
  8000 | D:7      | Reached XP level 9. HP: 61/71 MP: 12/12
  8100 | D:7      | Reached skill level 5 in Armour
  8692 | D:7      | Reached **** piety under Lugonu
  9352 | D:7      | Gained mutation: You are weak. (Str -2) [potion of
                  | mutation]
  9352 | D:7      | Gained mutation: You expend magic power (3 MP) to
                  | strengthen your wands. [potion of mutation]
 10140 | D:8      | Found a white marble altar of Elyvilon.
 10682 | D:8      | Found a shattered altar of Ashenzari.
 10720 | D:8      | Found a basalt altar of Yredelemnul.
 11333 | D:9      | Paralysed by a hornet for 3 turns
 11624 | D:9      | Found a staircase to the Orcish Mines.
 11726 | D:8      | Slain by a warg

Skill      XL: |  1  2  3  4  5  6  7  8  9 |
---------------+----------------------------+-----
Axes           | 2 3 4 5 6 |  6.5
Dodging        | 1 2 3 4 |  4.1
Armour         | 2 3 4 6 |  6.0
Invocations    | 3 4 5 6 |  6.2
Shields        | 1 2 |  2.9
Fighting       | 4 |  4.8
Throwing       | 1 |  1.1

Action                   |  1- 3 |  4- 6 |  7- 9 || total
-------------------------+-------+-------+-------++-------
Melee: Hand axe          |   121 |    75 |       ||   196
       Kick              |    17 |    21 |    86 ||   124
       War axe           |       |    55 |   432 ||   487
Throw: Tomahawk          |       |       |    12 ||    12
Invok: Depart the Abyss  |     1 |       |       ||     1
       Banish            |       |       |     3 ||     3
  Use: Scroll            |     2 |     7 |    15 ||    24
       Potion            |     1 |     6 |     3 ||    10
  Eat: Chunk             |     2 |     4 |    11 ||    17
       Ration            |       |     1 |     3 ||     4
Armor: Leather armour    |    71 |    30 |       ||   101
       Scale mail        |       |    36 |   244 ||   280
       Skin              |       |     4 |       ||     4
Dodge: Dodged            |    75 |    52 |    88 ||   215
       Deflected         |     3 |     2 |       ||     5
Block: Large shield      |       |    24 |   301 ||   325
